 Dungeon Crawl Stone Soup version 0.27-a0-819-g058290f16d (webtiles) character file.

Game seed: 4467070027677997139

193 jestyr24 the Magician (level 5, -4/36 HPs)
             Began as a Djinni Fire Elementalist on Mar 29, 2021.
             Killed by nerve-wracking pain
             ... invoked by an orc priest
              (12 damage)
             ... on level 3 of the Dungeon.
             The game lasted 00:11:27 (2591 turns).

jestyr24 the Magician (Djinni Fire Elementalist)    Turns: 2591, Time: 00:11:28

Health: -4/36      AC:  2    Str:  7    XL:     5   Next: 72%
Gold:   48         EV: 13    Int: 18    God:
                   SH:  0    Dex: 13

rFire    + + +     SeeInvis .   b - +1 dagger (speed)
rCold    x x .     Faith    .   (no shield)
rNeg     . . .     Spirit   .   a - +0 robe
rPois    ∞         Reflect  .   (no helmet)
rElec    .         Harm     .   o - scarf {+Inv}
rCorr    .         Rampage  .   (no gloves)
Will     .....                  (boots unavailable)
Stlth    ++........             (no amulet)
HPRegen  0.12/turn              m - ring of fire
MPRegen  0.00/turn              (no ring)

@: flying
A: fire resistance 2, cold vulnerability 1, float, innate caster, hp casting,
extra vitality 1
a: Evoke Invisibility


You were on level 3 of the Dungeon.
You visited 1 branch of the dungeon, and saw 3 of its levels.

You collected 48 gold pieces.

Inventory:

Hand Weapons
 b - a +1 dagger of speed (weapon)
 c - a +1 dagger of speed
Armour
 a - a +0 robe (worn)
 o - a scarf of invisibility (worn)
Jewellery
 m - a ring of fire (left hand)
Scrolls
 d - 2 scrolls of noise {unknown}
 f - 2 scrolls of amnesia {unknown}
 h - a scroll of immolation {unknown}
 n - 2 scrolls of identify {unknown}
Potions
 e - a potion of mutation {unknown}
 g - a potion of lignification {unknown}
 i - a potion of heal wounds {unknown}
 j - a potion of might {unknown}
 k - 3 potions of magic {unknown}
 l - a potion of haste {unknown}


   Skills:
 * Level 0.9 Fighting
 + Level 3.3 Dodging
 + Level 2.2 Stealth
 + Level 4.5 Spellcasting


You couldn't memorise any spells.
You knew the following spells:

 Your Spells              Type           Power      Damage    Failure   Level
a - Foxfire               Conj/Fire      100%       2x1d9     2%          1
b - Conjure Flame         Conj/Fire      30%        6-21      7%          3
c - Inner Flame           Hex/Fire       30%        N/A       7%          3
d - Sticky Flame          Conj/Fire      30%        2d5       22%         4
e - Fireball              Conj/Fire      15%        3d8       52%         5
f - Freeze                Ice            80%        1d9       2%          1
g - Corpse Rot            Necr/Air       N/A        N/A       3%          2
Your spell library was empty.

Dungeon Overview and Level Annotations

Branches:
Dungeon (3/15)

Altars:


Innate Abilities, Weirdness & Mutations

You are immune to poison.
Your flesh is very heat resistant. (rF++)
You are vulnerable to cold. (rC-)
You float through the air rather than walking.
You learn spells naturally, not from books.
Your magical power is your life essence.
You have superior vitality. (+4 HP)


Message History

You kill the orc!
You hear a bark! x2; You hear a shout!
Casting: Foxfire (safe; 2% risk of failure)
Confirm with . or Enter, or press ? or * to list all spells.
Aiming: Inner Flame (dangerous; 7% risk of failure)
Press: ? - help, Shift-Dir - straight line, f - orc
Aim: an orc, wielding a +0 rapier and wearing a +0 ring mail (chance to affect: 94%)
You feel a surge of power!
The orc is filled with an inner flame.
Casting: Inner Flame (dangerous; 7% risk of failure)
Confirm with . or Enter, or press ? or * to list all spells.
You feel a surge of power!
You conjure some foxfire!
The foxfire hits the orc.
Flame seeps out of the orc.
The orc is severely wounded.
The foxfire hits the orc.
The orc explodes!
The fiery explosion engulfs your foxfire.
Your foxfire completely resists.
You hear a bark!
Casting: Foxfire (safe; 2% risk of failure)
Confirm with . or Enter, or press ? or * to list all spells.
Aiming: Inner Flame (dangerous; 7% risk of failure)
Press: ? - help, Shift-Dir - straight line, f - orc priest
Aim: an orc priest, wielding a +0 whip (chance to affect: 85%)
You feel a surge of power!
The orc priest is filled with an inner flame.
Casting: Inner Flame (dangerous; 7% risk of failure)
Confirm with . or Enter, or press ? or * to list all spells.
Aiming: Inner Flame (dangerous; 7% risk of failure)
Press: ? - help, Shift-Dir - straight line, f - hobgoblin, p - orc priest
Aim: a hobgoblin (chance to affect: 94%)
You feel a surge of power!
The hobgoblin is filled with an inner flame.
* * * LOW HITPOINT WARNING * * *
Casting: Inner Flame (dangerous; 7% risk of failure)
Confirm with . or Enter, or press ? or * to list all spells.
You feel a surge of power!
You conjure some foxfire!
* * * LOW HITPOINT WARNING * * *
The orc priest invokes the aid of Beogh against you.
Pain shoots through your body!
You die...

. ##. .#
..#####. ......
#.#§§# ..
#.#§.###..g.
#...)§o.....
#v#§§##...# #
#@.§)§g...#
#.#v##.##...###
#.#.....).....
#...........##
###.######<.# #
#.# #..#######.
#.# #..........
#.# ##.####..#
#.# #.......#


You could see an orc priest (inner flame, ally target) and a hobgoblin (inner
flame, ally target).

Vanquished Creatures
  A necrophage (D:2)
  An orc wizard (D:3)
  A howler monkey zombie (D:2)
  2 adders (D:2)
  A dart slug (D:1)
  3 orcs (D:3)
  6 ball pythons
  2 endoplasms
  A giant cockroach (D:2)
  5 goblins
  8 hobgoblins
  4 jackals (D:1)
  6 kobolds
  A bat (D:1)
  A frilled lizard (D:2)
  4 rats
47 creatures vanquished.

Vanquished Creatures (others)
  109 foxfires
109 creatures vanquished.

Grand Total: 156 creatures vanquished

Notes
Turn   | Place    | Note
-------+----------+-------------------------------------------
     0 | D:1      | jestyr24 the Djinni Fire Elementalist began the quest for
                  | the Orb.
     0 | D:1      | Reached XP level 1. HP: 15/15 MP: 0/0
   419 | D:1      | Reached skill level 3 in Spellcasting
   458 | D:1      | Reached XP level 2. HP: 20/21 MP: 0/0
   893 | D:1      | Reached XP level 3. HP: 25/25 MP: 0/0
   893 | D:1      | Learned a level 1 spell: Freeze
  1337 | D:2      | Noticed a necrophage
  1359 | D:2      | Killed a necrophage
  1360 | D:2      | Reached skill level 4 in Spellcasting
  1360 | D:2      | Reached XP level 4. HP: 11/31 MP: 0/0
  1360 | D:2      | Reached XP level 5. HP: 12/35 MP: 0/0
  1360 | D:2      | Learned a level 2 spell: Corpse Rot
  1707 | D:2      | Found a faded altar of an unknown god.
  1739 | D:2      | HP: 1/35 [adder (4)]
  2591 | D:3      | Killed from afar by an orc priest

Illustrated notes

Levels and vault maps discovered:
D:1:      giann_wishing_wells, layout_basic
D:2:      layout_loops_ring, chequers_ecumenical_altar_simple,
          kennysheep_pointless_box
D:3:      layout_loops_ring, uniq_robin

Skill      XL: |  1  2  3 |
---------------+----------+-----
Spellcasting   | 3 4 |  4.5
Dodging        | 3 |  3.3
Stealth        | 2 |  2.2
Fighting       | |  0.9

Action                   |  1- 3 |  4- 6 || total
-------------------------+-------+-------++-------
Melee: Dagger            |    24 |     9 ||    33
 Cast: Foxfire           |    46 |    24 ||    70
       Inner Flame       |       |     5 ||     5
       Sticky Flame      |       |     1 ||     1
Armor: Robe              |     3 |     2 ||     5
Dodge: Dodged            |    28 |     8 ||    36

Table legend: (Time is in decaauts)
 A = Elapsed time spent in this place.
 B = Non-inter-level travel time spent in this place.
 C = Inter-level travel time spent in this place.
 D = Time resting spent in this place.
 E = Time spent auto-exploring this place.
 F = Levels seen in this place.
 G = Mean time per level.
                   A        B        C        D        E       F      G
               +--------+--------+--------+--------+--------+-----+--------+
         Total |   2578 |   2550 |     28 |    695 |   1263 |   3 |  859.3 |
       Dungeon |   2578 |   2550 |     28 |    695 |   1263 |   3 |  859.3 |
               +--------+--------+--------+--------+--------+-----+--------+

Top non-repeatable levels by time:
     D:2: 1348 daAuts
     D:1: 1169 daAuts
     D:3: 60 daAuts
